cohdb
Replays
Latest Replays
All Replays
Popular Replays
Top Player Replays
Match Explorer
How It Works
Community
CoH3 Stats
Reddit
Sign in to upload your games and track your stats! →
Sign in with Steam
Match 38814203
Unlisted
Match 38814203
Overview
Messages
Build Orders
End
Vickers Machine Gun Team
Vickers Machine Gun Team
Construct Section Command Post
Infantry Section
Infantry Section
Infantry Section
Construct Platoon Command Post
CMP 15cwt Truck
Unlock M3 Stuart Light Tanks
M3 Stuart Light Tank
M3 Stuart Light Tank
M3 Stuart Light Tank
M3 Stuart Light Tank
M3 Stuart Light Tank
Selects Heavy Armor Battlegroup
Selects Rigorous Vehicle Training
Light Vehicle Training
Infantry Training
Selects Light Vehicle Withdraw and Refit
Selects Forward Repair Assembly
M3 Stuart Light Tank
Selects Recon Artillery
Recon Artillery
M3 Stuart Light Tank
Recon Artillery
M3 Stuart Light Tank
M3 Stuart Light Tank
Selects Crusader AA Medium Tank
XuZhongwei
[GEO] Old Man Wolfi (GER)
Old Ironsides
Moyan
CPU - 专家
CPU - 专家
CPU - 专家
CPU - 专家
0
0
Comments
sign in to comment!
No comments posted yet!